 Dungeon Crawl Stone Soup version 0.17-a0-18-gc25b939 (webtiles) character file.

1029 Chiseanne the Covert (level 8, -2/54 HPs)
             Began as an Octopode Assassin on Mar 12, 2015.
             Slain by a sky beast (4 damage)
             ... on level 6 of the Dungeon.
             The game lasted 00:15:31 (5705 turns).

Chiseanne the Covert (Octopode Assassin)            Turns: 5705, Time: 00:15:31

Health: -2/54      AC:  1    Str: 14    XL:     8   Next: 23%
Magic:  17/17      EV: 14    Int: 14    God:
Gold:   235        SH:  4    Dex: 14    Spells: 3 memorised, 2 levels left

rFire  . . .     SeeInvis .     s - +2 hand axe (freeze)
rCold  . . .     Clarity  .     c - +0 buckler
rNeg   . . .     SustAb   .     (helmet restricted)
rPois  .         Gourm    .     (no amulet)
rElec  .         Spirit   .     h - +3 ring of strength
rCorr  .         Warding  .     i - ring of teleport control
rMut   .         Stasis   .     B - ring of magical power (curse)
MR     .....                    (no ring)
Stlth  ++++++....               (no ring)
                                (no ring)
                                (no ring)
                                (no ring)

@: not resistant to hostile enchantments, very stealthy
A: almost no armour, amphibious, 8 rings, constrict 8, camouflage 1, gelatinous
body 1
a: Evoke Teleport Control


You were on level 6 of the Dungeon.
You were not hungry.

You visited 2 branches of the dungeon, and saw 7 of its levels.

You collected 235 gold pieces.

Inventory:

Hand weapons
 a - a +1 short sword of freezing
 b - a +4 quarterstaff of chaos
 d - a +2 mace of protection
 s - a +2 hand axe of freezing (weapon)
 w - a +0 blowgun
Missiles
 e - 75 poisoned needles
 j - 7 javelins
 n - a curare-tipped needle
 p - 9 tomahawks (quivered)
 t - 22 sling bullets
 u - 7 arrows of frost
 E - 8 bolts
Armour
 c - a +0 buckler (worn)
Jewellery
 h - a +3 ring of strength (left tentacle)
 i - a ring of teleport control (right tentacle)
 B - a cursed ring of magical power (on tentacle)
Scrolls
 f - 2 scrolls of recharging
 v - 3 scrolls of magic mapping
 y - a scroll of remove curse
Potions
 o - 2 potions of brilliance {unknown}
 x - 2 potions of magic
 z - a potion of curing {unknown}
Books
 l - a book of Minor Magic

   Spells                             Type                      Level
   a - Magic Dart                     Conjuration                  1
   b - Blink                          Translocation                2
   c - Call Imp                       Summoning                    2
   d - Repel Missiles                 Charms/Air                   2
   e - Slow                           Hexes                        2
   f - Conjure Flame                  Conjuration/Fire             3
   g - Mephitic Cloud                 Conjuration/Poison/Air       3
 D - a book of Cantrips

   Spells                             Type                      Level
   a - Corona                         Hexes                        1
   b - Animate Skeleton               Necromancy                   1
   c - Summon Small Mammal            Summoning                    1
   d - Apportation                    Translocation                1
Comestibles
 g - a bread ration
 q - 2 meat rations
 r - a beef jerky
 A - a fruit
 F - a chunk of flesh


   Skills:
 * Level 4.0 Fighting
 - Level 2.0 Short Blades
 - Level 2.0 Throwing
 * Level 4.8 Dodging
 * Level 10.5 Stealth
 * Level 2.6 Shields


You had 2 spell levels left.
You knew the following spells:

 Your Spells              Type           Power        Failure   Level  Hunger
a - Apportation           Tloc           #.........   34%         1    ##.....
b - Blink                 Tloc           N/A          54%         2    ###....
c - Repel Missiles        Chrm/Air       #.....       54%         2    ###....


Dungeon Overview and Level Annotations

Branches:
Dungeon (6/15)             Temple (1/1) D:4

Altars:
Dithmenos
Elyvilon
Kikubaaqudgha
Makhleb
Nemelex Xobeh
Okawaru
Qazlal
Ru
Sif Muna
Trog
Xom
Yredelemnul
Zin
The Shining One
Lugonu

Annotations:
D:4 Grinder
D:5 Menkaure


Innate Abilities, Weirdness & Mutations

You cannot wear most types of armour.
You are amphibious.
You can wear up to eight rings at the same time.
You can use your tentacles to constrict many enemies at once.
Your skin changes colour to match your surroundings (Stealth).
Your rubbery body absorbs attacks (AC +1).


Message History

The sky beast is moderately wounded.
The sky beast barely misses you. x2
You hit the sky beast. You freeze the sky beast.
The sky beast is severely wounded.
The sky beast flickers out of sight!
Deactivating autopickup; reactivate with Ctrl-A.
Something hits you. Something shocks you.
You hit something. You freeze something. Your squeeze misses something.
Something hits you. Something shocks you.
You barely miss something. Something hits you. Something shocks you.
* * * LOW HITPOINT WARNING * * *
You barely miss something. You squeeze something.
A sky beast appears from thin air!
Reactivating autopickup.
The sky beast hits you.
* * * LOW HITPOINT WARNING * * *
The sky beast shocks you.
* * * LOW HITPOINT WARNING * * *
The sky beast hits you.
You die...

.....
........+.......+
.....
.......#.......#
.....
......#.......#
....
.......#'###..##
### #......#..#
+......#....
#......#.....
#......#......
#...@..#.....
#...Y..+....
#......#.
#......# #......#
###+#... ....
.... .


You could see a sky beast.

Vanquished Creatures
  2 ogres
  Sigmund (D:2)
  Duvessa (D:4)
  A giant frog (D:6)
  Dowan (D:4)
  A giant frog zombie (D:5)
  A crimson imp (D:5)
  A goliath beetle (D:6)
  A quasit (D:5)
  2 hounds (D:6)
  Crazy Yiuf (D:2)
  A giant frog skeleton (D:6)
  An iguana (D:6)
  4 worker ants
  8 adders
  3 gnolls (D:3)
  A shadow imp (D:6)
  4 worms
  3 giant geckos
  10 orcs
  10 bats
  2 bat skeletons
  6 giant cockroaches
  6 hobgoblins
  8 jackals
  7 kobolds
  2 quokkas
  3 ball pythons
  6 giant newts
  6 goblins
  11 rats
115 creatures vanquished.

Notes
Turn   | Place    | Note
--------------------------------------------------------------
     0 | D:1      | Chiseanne, the Octopode Assassin, began the quest for the Orb.
     0 | D:1      | Reached XP level 1. HP: 14/14 MP: 1/1
   352 | D:1      | Reached XP level 2. HP: 19/19 MP: 2/2
   630 | D:1      | Reached skill level 6 in Stealth
  1061 | D:2      | Reached XP level 3. HP: 21/24 MP: 3/3
  1514 | D:2      | Noticed Sigmund
  1517 | D:2      | Killed Sigmund
  1517 | D:2      | Reached skill level 7 in Stealth
  1517 | D:2      | Reached skill level 1 in Shields
  1517 | D:2      | Reached XP level 4. HP: 30/30 MP: 4/4
  1540 | D:2      | Reached XP level 5. HP: 33/35 MP: 5/5
  1678 | D:2      | Found a glowing golden altar of the Shining One.
  1720 | D:2      | Noticed Crazy Yiuf
  1734 | D:2      | Killed Crazy Yiuf
  2411 | D:3      | Found a shadowy altar of Dithmenos.
  2617 | D:3      | Found a shimmering altar of Xom.
  2617 | D:3      | Found a sparkling altar of Nemelex Xobeh.
  2673 | D:3      | Found a deep blue altar of Sif Muna.
  2677 | D:3      | Reached skill level 8 in Stealth
  2689 | D:3      | Reached XP level 6. HP: 35/41 MP: 6/6
  2950 | D:4      | Found a staircase to the Ecumenical Temple.
  2975 | D:4      | Noticed Dowan
  2976 | D:4      | Noticed Duvessa
  2989 | D:4      | Killed Duvessa
  2993 | D:4      | Killed Dowan
  2993 | D:4      | Reached skill level 9 in Stealth
  3019 | Temple   | Entered the Ecumenical Temple
  3525 | D:4      | Noticed Grinder
  3529 | D:5      | Entered Level 5 of the Dungeon
  3767 | D:5      | Reached XP level 7. HP: 46/46 MP: 7/7
  3839 | D:5      | Learned a level 2 spell: Blink
  4590 | D:5      | Reached skill level 10 in Stealth
  4763 | D:5      | Noticed Menkaure
  4803 | D:6      | Learned a level 2 spell: Repel Missiles
  5285 | D:6      | Learned a level 1 spell: Apportation
  5395 | D:6      | Reached XP level 8. HP: 54/54 MP: 8/8
  5705 | D:6      | HP: 2/54 [sky beast (6)]
  5705 | D:6      | Slain by a sky beast

Action                   |  1- 3 |  4- 6 |  7- 9 || total
-------------------------+-------+-------+-------++-------
Melee: Dagger            |    65 |    56 |       ||   121
       Hand axe          |       |    21 |    67 ||    88
       Short sword       |       |     2 |    19 ||    21
 Fire: Blowgun           |       |    31 |     7 ||    38
Throw: Tomahawk          |       |     2 |       ||     2
Evoke: Wand              |       |     1 |       ||     1
  Use: Scroll            |       |    11 |     3 ||    14
       Potion            |       |     1 |     1 ||     2
 Stab: Sleeping          |     9 |    11 |     9 ||    29
       Distracted        |       |     2 |       ||     2
  Eat: Chunk             |     1 |     7 |     7 ||    15
